 Dungeon Crawl Stone Soup version 0.24-a0-107-g431b8d2fe3 (webtiles) character file.

Game seed: 4784919296658106652

259 Roikka the Grave Robber (level 5, -1/37 HPs)
             Began as a Demonspawn Necromancer on Feb 14, 2019.
             Slain by a hornet (12 damage)
             ... on level 3 of the Dungeon.
             The game lasted 00:18:54 (4088 turns).

Roikka the Grave Robber (Demonspawn Necromancer)    Turns: 4088, Time: 00:18:55

Health: -1/37      AC:  5    Str:  8    XL:     5   Next: 95%
Magic:  0/9        EV: 13    Int: 18    God:
Gold:   136        SH:  0    Dex: 13    Spells: 5/10 levels left

rFire    . . .     SeeInvis +   b - +0 hunting sling
rCold    . . .     Gourm    .   (no shield)
rNeg     . . .     Faith    .   f - +0 leather armour
rPois    +         Spirit   +   (no helmet)
rElec    .         Reflect  .   y - +1 cloak {rPois}
rCorr    .         Harm     .   (no gloves)
MR       .....                  (no boots)
Stlth    ++........             t - amulet of regeneration
HPRegen  0.52/turn              s - ring of see invisible
MPRegen  0.11/turn              u - ring of flight

@: no status effects
A: talons 1, repulsion field 1, magic shield
a: Evoke Flight


You were on level 3 of the Dungeon.
You were not hungry.

You visited 1 branch of the dungeon, and saw 4 of its levels.

You collected 136 gold pieces.

Inventory:

Hand Weapons
 a - a +0 club
 b - a +0 hunting sling (weapon)
 d - a +0 blowgun
Missiles
 n - 132 stones (quivered)
 o - 8 poisoned needles
 v - 18 sling bullets
Armour
 e - a +0 robe
 f - a +0 leather armour (worn)
 h - a +0 buckler
 i - +0 pearl dragon scales
 y - a +1 cloak of poison resistance (worn)
Jewellery
 m - an uncursed ring of ice
 s - a ring of see invisible (left hand)
 t - an amulet of regeneration (around neck)
 u - a ring of flight (right hand)
Wands
 r - a wand of enslavement (4)
 w - a wand of disintegration (12)
Scrolls
 g - 2 scrolls of amnesia
 j - a scroll of identify
Potions
 k - 2 potions of curing {unknown}
 l - a potion of lignification {unknown}
 p - a potion of degeneration {unknown}
 x - a potion of agility {unknown}
 z - a potion of flight {unknown}
Comestibles
 c - 7 rations
 q - a chunk of flesh


   Skills:
 - Level 1.0 Fighting
 + Level 1.9 Armour
 - Level 1.7 Dodging
 - Level 1.7 Stealth
 + Level 2.2 Shields
 - Level 3.0 Spellcasting
 - Level 6.0 Necromancy


You had 5 spell levels left.
You knew the following spells:

 Your Spells              Type           Power        Failure   Level  Hunger
a - Pain                  Necr           ###.         1%          1    None
b - Animate Skeleton      Necr           N/A          1%          1    None
c - Vampiric Draining     Necr           ###.......   6%          3    ###....

Your spell library contained the following spells:

 Spells                   Type           Power        Failure   Level  Hunger
 Animate Dead             Necr           N/A          19%         4    ####...
 Regeneration             Chrm/Necr      ##........   21%         3    ###....


Dungeon Overview and Level Annotations

Branches:
Dungeon (4/15)
 Temple: D:4-7

Altars:
Gozag
Yredelemnul


Innate Abilities, Weirdness & Mutations

You have sharp toenails.
You are surrounded by a mild repulsion field. (EV +2)
When hurt, damage is shared between your health and your magic reserves.


Message History

Casting: Pain (safe; 1% risk of failure)
Confirm with . or Enter, or press ? or * to list all spells.
Aiming: Pain (safe; 1% risk of failure)
Press: ? - help, Shift-Dir - straight line, f/p - hornet
Aim: a hornet (moderately wounded, chance to defeat MR: 77%)
The hornet barely resists.
The hornet stings you! The hornet completely misses you.
Casting: Pain (safe; 1% risk of failure)
Confirm with . or Enter, or press ? or * to list all spells.
Aiming: Pain (safe; 1% risk of failure)
Press: ? - help, Shift-Dir - straight line, f/p - hornet
Aim: a hornet (moderately wounded, chance to defeat MR: 77%)
The hornet writhes in agony.
The hornet stings you!
Casting: Pain (safe; 1% risk of failure)
Confirm with . or Enter, or press ? or * to list all spells.
Aiming: Pain (safe; 1% risk of failure)
Press: ? - help, Shift-Dir - straight line, f/p - hornet
Aim: a hornet (heavily wounded, chance to defeat MR: 77%)
The hornet barely resists.
The hornet stings you!
You die...

########## #........##
#.####....#####
#.#@y##...##.>#
#.#...#...#.รท.#
#.##..#...#'.##
###########.####.....#####
#....[...................#
#......#####......8......#
#......# #...(.........#
#......# #####)....#####
#......# ##.)#...#..##


You could see a hornet.

Vanquished Creatures
  A hound (D:3)
  Crazy Yiuf (D:3)
  Jessica (D:3)
  Ijyb (D:3)
  Terence (D:3)
  7 adders
  2 oozes
  A worm (D:3)
  A dart slug (D:1)
  2 leopard geckos
  An orc (D:3)
  3 giant cockroaches
  7 goblins
  3 hobgoblins
  A quokka (D:2)
  8 bats
  3 frilled lizards
  8 kobolds
  4 rats
  A spectral orc (D:2)
57 creatures vanquished.

Vanquished Creatures (collateral kills)
  A giant cockroach (D:1)
  A hobgoblin (D:2)
  5 rats
7 creatures vanquished.

Grand Total: 64 creatures vanquished

Notes
Turn   | Place    | Note
-------+----------+-------------------------------------------
     0 | D:1      | Roikka the Demonspawn Necromancer began the quest for the
                  | Orb.
     0 | D:1      | Reached XP level 1. HP: 13/13 MP: 3/3
   103 | D:1      | Learned a level 1 spell: Animate Skeleton
   822 | D:1      | Gained mutation: You are surrounded by a mild repulsion
                  | field. (EV +2) [demonic ancestry]
   822 | D:1      | Reached XP level 2. HP: 18/20 MP: 1/5
  1366 | D:1      | Reached skill level 1 in Fighting
  1784 | D:2      | Reached skill level 5 in Necromancy
  1784 | D:2      | Gained mutation: When hurt, damage is shared between your
                  | health and your magic reserves. [demonic ancestry]
  1784 | D:2      | Reached XP level 3. HP: 25/26 MP: 3/6
  2052 | D:2      | Reached skill level 1 in Shields
  2230 | D:2      | Learned a level 3 spell: Vampiric Draining
  2427 | D:2      | Reached skill level 1 in Armour
  2427 | D:2      | Gained mutation: You have sharp toenails. [demonic
                  | ancestry]
  2427 | D:2      | Reached XP level 4. HP: 32/32 MP: 5/7
  2512 | D:2      | Found a basalt altar of Yredelemnul.
  2992 | D:3      | Noticed Ijyb
  3035 | D:3      | Killed Ijyb
  3090 | D:3      | Noticed Jessica
  3277 | D:3      | Reached XP level 5. HP: 37/37 MP: 9/9
  3505 | D:3      | Killed Jessica
  3587 | D:3      | Noticed Terence
  3612 | D:3      | Killed Terence
  3678 | D:3      | Found an opulent altar of Gozag.
  3894 | D:3      | Found a runed translucent door.
  3895 | D:3      | Noticed Crazy Yiuf
  3901 | D:3      | Killed Crazy Yiuf
  4019 | D:3      | Reached skill level 6 in Necromancy
  4074 | D:4      | Noticed a hornet
  4088 | D:3      | Slain by a hornet

Levels and vault maps discovered:
D:1:      nagdon_arrival_double_spiral, layout_basic, minmay_crystal_room
D:2:      layout_loops_ring, yredelemnul_forgotten_temple_becter
D:3:      layout_rooms, grunt_ministairs_6,
          nicolae_gozag_cash_rules_everything_around_me, uniq_jessica,
          uniq_terence, uniq_crazy_yiuf_cottage, uniq_ijyb
D:4:      layout_rooms, lemuel_crystal_altar, tgw_sif,
          minmay_temple_entry_proselytizer, serial_shops, kennysheep_mini,
          first_ration, chei_slow_surprise, uniq_menkaure

Skill      XL: |  1  2  3  4  5 |
---------------+----------------+-----
Fighting       | 1 |  1.0
Necromancy     | 5 6 |  6.0
Shields        | 1 2 |  2.2
Armour         | 1 |  1.9
Spellcasting   | 3 |  3.0
Dodging        | |  1.7
Stealth        | |  1.7

Action                   |  1- 3 |  4- 6 || total
-------------------------+-------+-------++-------
Melee: Club              |    34 |    18 ||    52
       Unarmed           |     3 |       ||     3
       Kick              |       |     8 ||     8
       Hunting sling     |       |     1 ||     1
 Fire: Hunting sling     |    14 |    33 ||    47
       Blowgun           |       |    13 ||    13
Throw: Stone             |       |     1 ||     1
 Cast: Pain              |    43 |    51 ||    94
       Animate Skeleton  |    11 |     1 ||    12
       Vampiric Draining |       |     1 ||     1
  Use: Scroll            |       |     9 ||     9
 Stab: Sleeping          |     1 |     1 ||     2
  Eat: Chunk             |     5 |     6 ||    11
Armor: Leather armour    |    15 |     8 ||    23
       Pearl dragon scal |     1 |       ||     1
Dodge: Dodged            |    33 |    56 ||    89

Table legend:
 A = Non-vault XP
 B = Vault XP
 C = Vault XP percentage of total XP
 D = Non-vault monster count
 E = Vault monster count
 F = Vault count percentage of total count
                 A         B        C        D         E       F
            +---------+---------+-------+---------+---------+-------
      Total |     222 |     149 |  40.2 |      57 |       7 |  10.9
            +---------+---------+-------+---------+---------+-------
        D:1 |      36 |       0 |   0.0 |      22 |       0 |   0.0
        D:2 |      61 |       1 |   1.6 |      15 |       1 |   6.2
        D:3 |     125 |     148 |  54.2 |      20 |       6 |  23.1
            +---------+---------+-------+---------+---------+-------
